 Dungeon Crawl Stone Soup version 0.19-a0-1051-gdb7e7f8 (webtiles) character file.

15109 Musica the Spear-Bearer (level 12, 0/100 HPs)
             Began as a Formicid Fighter on Aug 2, 2016.
             Was a High Priest of Makhleb.
             Killed from afar by an ice dragon (10 damage)
             ... with a blast of cold
             ... in an ice cave.
             The game lasted 00:48:02 (9280 turns).

Musica the Spear-Bearer (Formicid Fighter)          Turns: 9280, Time: 00:48:02

Health: 0/100      AC: 10    Str: 23    XL:     12   Next: 53%
Magic:  16/16      EV: 20    Int:  9    God:    Makhleb [*****.]
Gold:   443        SH: 14    Dex: 22    Spells: 1 memorised, 15 levels left

rFire  + + +     SeeInvis +     p - +0 glaive (venom)
rCold  + + .     Gourm    .     b - +0 scale mail
rNeg   + . .     Faith    .     c - +1 shield
rPois  +         Spirit   .     (helmet unavailable)
rElec  +         Dismiss  .     (no cloak)
rCorr  +         Reflect  .     u - +0 pair of gloves
SustAt .         Harm     .     (no boots)
MR     ++...                    F - amulet of Neurosis {rN+ Regen+ SInv}
Stlth  +.........               (no ring)
                                N - +5 ring of dexterity

@: agile, resistant, studying Dodging, very resistant to hostile enchantments,
very unstealthy
A: permanent stasis, dig shafts and tunnels, four strong arms, antennae 3,
hooves 1, molten scales 1, clumsy 1, cold resistance 1, fire resistance 2, magic
resistance 1, strong 1
a: Dig, Shaft Self, Minor Destruction, Lesser Servant of Makhleb, Major
Destruction, Greater Servant of Makhleb, Renounce Religion


You were in an ice cave.
You worshipped Makhleb.
Makhleb was extremely pleased with you.
You were not hungry.

You visited 2 branches of the dungeon, and saw 14 of its levels.
You also visited: Sewer and Ice Cave.

You collected 470 gold pieces.
You spent 27 gold pieces at shops.

Inventory:

Hand Weapons
 j - a +1 spear of venom
 n - a +0 hunting sling
 p - a +0 glaive of venom (weapon)
 J - a +0 halberd of venom
Missiles
 i - 40 sling bullets
 k - 32 poisoned needles
 A - 7 curare-tipped needles
Armour
 b - a +0 scale mail (worn)
 c - a +1 shield (worn)
 u - a +0 pair of gloves (worn)
Rods
 G - a +0 rod of clouds (13/13)
   (You found it on level 8 of the Dungeon)
Jewellery
 F - the amulet of Neurosis (around neck) {rN+ Regen+ SInv}
   (You found it on level 10 of the Dungeon)

   [amulet of regeneration]

   It protects you from negative energy.
   It lets you see invisible.
   It increases your rate of regeneration.
 N - a +5 ring of dexterity (left hand)
Wands
 h - a wand of lightning (0/15)
 l - a wand of flame (24/48)
 m - a wand of polymorph (9/24)
 y - a wand of slowing (23/48)
 B - a wand of heal wounds (0/9)
 C - a wand of lightning (3/15)
 I - a wand of polymorph (8/24)
 M - a wand of confusion (19/48)
Scrolls
 e - 2 scrolls of amnesia
 g - 4 scrolls of remove curse
 r - 4 scrolls of enchant armour
 t - 4 scrolls of recharging
 w - a scroll of fog
 K - 4 scrolls of identify
Potions
 q - a potion of flight
 s - 4 potions of curing
 D - a potion of lignification
Books
 a - a Necronomicon

   Spells                             Type                      Level
   a - Haunt                          Necromancy/Summoning         7
   b - Borgnjor's Revivification      Necromancy                   8
   c - Death's Door                   Charms/Necromancy            8
   d - Infestation                    Necromancy                   8
   e - Necromutation                  Transmutation/Necromancy     8
 x - a book of Alchemy

   Spells                             Type                      Level
   a - Sublimation of Blood           Necromancy                   2
   b - Ignite Poison                  Fire/Transmutation/Poison    3
   c - Petrify                        Transmutation/Earth          4
   d - Alistair's Intoxication        Transmutation/Poison         5
   e - Irradiate                      Conjuration/Transmutation    5
 P - a manual of Dodging
Comestibles
 f - 7 bread rations
 o - 2 royal jellies
 v - 4 meat rations
 H - 2 slices of pizza


   Skills:
 + Level 11.6 Fighting
 + Level 11.9 Polearms
 + Level 1.5 Slings
 - Level 3.2 Armour
 + Level 6.1 Dodging
 - Level 10.8 Shields
 - Level 3.2 Spellcasting
 + Level 5.8 Invocations


You had 15 spell levels left.
You knew the following spells:

 Your Spells              Type           Power        Failure   Level  Hunger
a - Sublimation of Blood  Necr           #.........   94%         2    ###....


Dungeon Overview and Level Annotations

Branches:
Dungeon (13/15)            Temple (1/1) D:4             Orc (0/2) D:11
   Lair: D:8-11      Vaults: D:13-14

Altars:
Ashenzari
Cheibriados
Dithmenos
Elyvilon
Fedhas
Gozag
Hepliaklqana
Kikubaaqudgha
Makhleb
Nemelex Xobeh
Okawaru
Pakellas
Qazlal
Ru
Sif Muna
Trog
Uskayaw
Vehumet
Xom
Yredelemnul
Zin
The Shining One

Shops:
D:5 !**(


Innate Abilities, Weirdness & Mutations

You are under a permanent stasis effect.
You can dig through walls and to a lower floor.
Your four strong arms can wield two-handed weapons with a shield.
You have a pair of large antennae on your head. (SInv)
You have large cloven feet.
You are partially covered in molten scales. (AC +2)
You are clumsy. (Dex -2)
Your flesh is cold resistant. (rC+)
Your flesh is very heat resistant. (rF++)
You are resistant to hostile enchantments. (MR+)
Your muscles are strong. (Str +2)


Message History

You feel protected. The ice dragon bites you! The ice dragon claws you!
* * * LOW HITPOINT WARNING * * *
The ice dragon tramples you!
* * * LOW HITPOINT WARNING * * *
You hold your ground!
You block the ice dragon's attack. x2
The ice dragon tramples you!
* * * LOW HITPOINT WARNING * * *
You hold your ground!
Your ynoxinul gestures at the ice dragon.
The iron shot hits the ice dragon.
Unknown command.
Evoke which item? (* to show all) (? for menu, Esc to quit)
Okay, then.
You block the ice dragon's attack. The ice dragon misses you.
The ice dragon tramples you but does no damage.
The ice dragon breathes frost at you.
The blast of cold hits the ice dragon.
The ice dragon completely resists.
The blast of cold hits you! You resist.
You die...

##..##
..#
###..##
#...##
###.###
##.#..#
#..##.##
#...#..#
##.#...##
#.@#####
#.D.#
#.D##
#3## #..#
#....
##....$
.....$#
.....$#


You could see 2 ice dragons and a friendly ynoxinul.

Vanquished Creatures
  Gastronok (D:8)
  Erica (D:9)
  A hill giant (D:12)
  Pikel (D:8)
  2 ice statues (IceCv)
  2 gargoyles
  Joseph (D:7)
  A rime drake (IceCv)
  A kobold demonologist (D:12)
  2 ice devils (D:11)
  A two-headed ogre (D:12)
  11 yaks
  Sigmund (D:6)
  Grum (D:8)
  A hungry ghost (D:11)
  2 hippogriffs
  Duvessa (D:7)
  A black bear (D:9)
  16 ice beasts
  3 sky beasts
  An eye of draining (D:12)
  4 phantoms
  2 necrophages (D:9)
  2 wolves (D:8)
  7 centaurs
  3 big kobolds
  A gnoll sergeant (D:12)
  6 giant frogs
  Dowan (D:7)
  A water moccasin zombie (D:7)
  A scorpion (D:5)
  19 killer bees (D:11)
  5 wights (D:9)
  6 howler monkeys
  3 crimson imps
  A centaur zombie (D:12)
  2 jellies
  A quasit (D:12)
  3 orc priests
  3 centaur skeletons
  A giant frog skeleton (D:12)
  2 hounds
  6 orc wizards
  6 iguanas
  Ijyb (D:2)
  Natasha (thrice) (D:3)
  6 worker ants
  A howler monkey zombie (D:6)
  Robin (D:2)
  15 adders
  3 gnolls (D:7)
  A river rat (D:6)
  An adder zombie (D:5)
  5 worms
  An adder skeleton (D:5)
  3 dart slugs
  4 giant geckos
  16 orcs
  3 giant cockroaches
  18 goblins
  7 hobgoblins
  18 jackals
  5 quokkas
  A ball python (D:1)
  8 bats
  A giant cockroach zombie (D:6)
  A giant gecko skeleton (D:7)
  A giant gecko zombie (D:6)
  3 giant newts
  A jackal skeleton (D:4)
  12 kobolds
  41 rats
319 creatures vanquished.

Vanquished Creatures (others)
  A crimson imp (D:8)
  A howler monkey skeleton (D:8)
  2 plants (D:12)
4 creatures vanquished.

Grand Total: 323 creatures vanquished

Notes
Turn   | Place    | Note
-------+----------+-------------------------------------------
     0 | D:1      | Musica the Formicid Fighter began the quest for the Orb.
     0 | D:1      | Reached XP level 1. HP: 18/18 MP: 1/1
   251 | D:1      | Reached XP level 2. HP: 25/25 MP: 2/2
   773 | D:1      | Reached XP level 3. HP: 30/30 MP: 3/3
   867 | D:2      | Noticed Ijyb
   887 | D:2      | Killed Ijyb
   895 | D:2      | Reached XP level 4. HP: 37/38 MP: 4/4
   936 | D:2      | Noticed Robin
   972 | D:2      | Killed Robin
   972 | D:2      | Reached skill level 5 in Fighting
  1040 | D:2      | Reached XP level 5. HP: 15/44 MP: 5/5
  1542 | D:3      | Noticed Natasha
  1549 | D:3      | Killed Natasha
  1891 | D:3      | Found a bloodstained altar of Trog.
  1904 | D:3      | Reached XP level 6. HP: 28/52 MP: 6/6
  1941 | D:3      | Found a glowing golden altar of the Shining One.
  2070 | D:3      | Noticed Natasha
  2075 | D:3      | Killed Natasha
  2191 | D:4      | Found a glowing golden altar of the Shining One.
  2239 | D:4      | Found a staircase to the Ecumenical Temple.
  2346 | D:4      | Found a glowing drain.
  2350 | Sewer    | Entered a sewer
  2447 | Sewer    | Reached skill level 1 in Slings
  2447 | Sewer    | Reached XP level 7. HP: 53/58 MP: 7/7
  2475 | Sewer    | Found a white marble altar of Elyvilon.
  2671 | D:3      | Noticed Natasha
  2686 | D:3      | Killed Natasha
  3020 | D:3      | Found a deep blue altar of Sif Muna.
  3043 | D:3      | Reached skill level 5 in Polearms
  3252 | D:5      | Entered Level 5 of the Dungeon
  3378 | D:4      | Reached skill level 5 in Shields
  3430 | D:5      | Found Kuelesk's Distillery.
  3600 | Temple   | Entered the Ecumenical Temple
  3735 | Temple   | Became a worshipper of Makhleb the Destroyer
  3851 | D:5      | Reached XP level 8. HP: 57/65 MP: 8/8
  3923 | D:5      | Found Goutoad's General Store.
  3939 | D:5      | Bought a potion of mutation for 27 gold pieces
  3939 | D:5      | Gained mutation: You have large cloven feet. [potion of mutation]
  3939 | D:5      | Gained mutation: You are partially covered in molten scales. (AC +2) [potion of mutation]
  3939 | D:5      | Gained mutation: You are resistant to electric shocks. (rElec) [potion of mutation]
  3983 | D:5      | Found Fyijitwyat's General Store.
  4175 | D:5      | Found Neqirhad's Antique Weapon Boutique.
  4415 | D:5      | Found a shimmering altar of Xom.
  4671 | D:6      | Noticed Sigmund
  4682 | D:6      | Killed Sigmund
  4691 | D:6      | Reached * piety under Makhleb
  4698 | D:6      | Gained mutation: Your spells are a little easier to cast, but a little less powerful. [mutagenic meat]
  4701 | D:6      | Gained mutation: Your mind is acute. (Int +2) [mutagenic meat]
  4704 | D:6      | Lost mutation: Your mind is acute. (Int +2) [mutagenic meat]
  4707 | D:6      | Gained mutation: Your flesh is cold resistant. (rC+) [mutagenic meat]
  4710 | D:6      | Lost mutation: Your spells are a little easier to cast, but a little less powerful. [mutagenic meat]
  4811 | D:6      | Reached XP level 9. HP: 72/72 MP: 9/9
  4821 | D:6      | Gained mutation: Your flesh is heat resistant. (rF+) [mutagenic meat]
  4824 | D:6      | Lost mutation: You are resistant to electric shocks. (rElec) [mutagenic meat]
  4827 | D:6      | Gained mutation: You are resistant to hostile enchantments. (MR+) [mutagenic meat]
  4830 | D:6      | Gained mutation: You have hoof-like feet. [mutagenic meat]
  4952 | D:6      | Reached ** piety under Makhleb
  5356 | D:7      | Reached skill level 1 in Invocations
  5562 | D:7      | Noticed a gargoyle
  5574 | D:7      | Killed a gargoyle
  5613 | D:7      | Noticed Dowan
  5614 | D:7      | Noticed Duvessa
  5624 | D:7      | Killed Duvessa
  5625 | D:7      | Killed Dowan
  5666 | D:7      | Found a snail-covered altar of Cheibriados.
  5729 | D:7      | Noticed Joseph
  5741 | D:7      | Killed Joseph
  6115 | D:7      | Reached *** piety under Makhleb
  6115 | D:7      | Reached XP level 10. HP: 80/80 MP: 12/12
  6298 | D:8      | Noticed Gastronok
  6485 | D:8      | Killed Gastronok
  6485 | D:8      | Reached skill level 10 in Shields
  6485 | D:8      | Reached skill level 5 in Invocations
  6545 | D:8      | Found a shadowy altar of Dithmenos.
  6567 | D:8      | Noticed Pikel
  6579 | D:8      | Killed Pikel
  6699 | D:8      | Learned a level 2 spell: Sublimation of Blood
  6871 | D:8      | Noticed Grum
  6877 | D:8      | Reached XP level 11. HP: 39/89 MP: 15/15
  6881 | D:8      | Killed Grum
  6881 | D:8      | Reached skill level 1 in Spellcasting
  7139 | D:8      | Found an iron altar of Okawaru.
  7405 | D:9      | Gained mutation: Your body sometimes deteriorates upon taking damage. [potion of mutation]
  7405 | D:9      | Lost mutation: You have hoof-like feet. [potion of mutation]
  7405 | D:9      | Gained mutation: Your muscles are strong. (Str +2) [potion of mutation]
  7406 | D:9      | Lost mutation: Your body sometimes deteriorates upon taking damage. [potion of mutation]
  7406 | D:9      | Gained mutation: You are clumsy. (Dex -2) [potion of mutation]
  7407 | D:9      | Gained mutation: Your flesh is very heat resistant. (rF++) [potion of mutation]
  7407 | D:9      | Gained mutation: Your mind is acute. (Int +2) [potion of mutation]
  7407 | D:9      | Lost mutation: Your mind is acute. (Int +2) [potion of mutation]
  7414 | D:10     | Entered Level 10 of the Dungeon
  7464 | D:10     | Got a brightly glowing sapphire amulet
  7473 | D:9      | Identified the amulet of Neurosis {rN+ Regen+ SInv} (You found it on level 10 of the Dungeon)
  7718 | D:9      | Reached skill level 10 in Polearms
  7800 | D:9      | Found Gunossiy's Armour Shoppe.
  7848 | D:9      | Noticed Erica
  7859 | D:9      | Killed Erica
  7859 | D:9      | Reached skill level 10 in Fighting
  8289 | D:11     | Reached **** piety under Makhleb
  8305 | D:11     | You fall through a shaft for 2 floors!
  8390 | D:12     | Reached skill level 1 in Dodging
  8595 | D:12     | Noticed a hill giant
  8605 | D:12     | Killed a hill giant
  8625 | D:12     | Noticed a sun demon
  8644 | D:12     | Reached XP level 12. HP: 98/99 MP: 16/16
  8779 | D:11     | Reached ***** piety under Makhleb
  8894 | D:11     | Found a frozen archway.
  8919 | IceCv    | Entered an ice cave
  8938 | IceCv    | Identified a +0 rod of clouds (13/13) (You found it on level 8 of the Dungeon)
  8956 | IceCv    | Reached skill level 5 in Dodging
  9258 | IceCv    | Noticed an ice dragon
  9262 | IceCv    | Noticed an ice dragon
  9280 | IceCv    | Killed from afar by an ice dragon

Vault maps used:
D:1:      nagdon_arrival_double_spiral
D:2:      uniq_iyjb, uniq_robin
D:3:      led_sif_book, gammafunk_temple_overflow_pools, uniq_natasha
D:4:      gup_sewer_entry_bowl, first_bread, tso_metal_star
D:5:      marbit_many_paths, serial_shops, shop, shop, nicolae_shop_waterfront,
          nicolae_shop_behind_doors, kennysheep_generic_room_2
D:6:      lemuel_ratsnest, uniq_sigmund
D:7:      cheibriados_altar_1, uniq_joseph, uniq_duvessa
D:8:      grunt_dithmenos_shadows, lemuel_round_altar, serial_glass,
          glass_columns_a, glass_columns_b, glass_columns_b, glass_columns_a,
          due_unseen_surprise, minmay_strange_pillars, minmay_strange_pillars,
          uniq_grum, uniq_gastronok, uniq_pikel
D:9:      serial_shops, shop, uniq_erica
D:10:     david_lair_shrubbed, serial_shops, nicolae_shop_waterfront,
          shop_statue, uniq_nergalle, uniq_harold
D:11:     wad_woods_minihive, orc_0_dummy, portal_ice_cave_demonic_guard,
          nicolae_trove_entry_path_of_doom, hangedman_ranch,
          hangedman_abyss_or_decor_clamps
D:12:     minmay_spiral_squares, introduction_to_nature_2
D:13:     minmay_ice_pillars, erik_vaults_2, uniq_snorg
Temple:   nicolae_temple_elliptical
Sewer:    sewer_kobolds
IceCv:    ice_cave_small_dragons

Skill      XL: |  1  2  3  4  5  6  7  8  9 10 11 12 |
---------------+-------------------------------------+-----
Fighting       | 4 5 6 7 8 9 10 11 | 11.6
Polearms       | 3 4 5 6 7 9 11 | 11.9
Shields        | 4 5 7 9 10 | 10.8
Slings         | 1 |  1.5
Invocations    | 3 5 |  5.8
Spellcasting   | 3 |  3.2
Dodging        | 3 6 |  6.1
Armour         | |  3.2

Action                   |  1- 3 |  4- 6 |  7- 9 | 10-12 || total
-------------------------+-------+-------+-------+-------++-------
Melee: Trident           |    51 |       |       |       ||    51
       Spear             |    40 |   287 |   365 |       ||   692
       Kick              |       |       |    70 |   187 ||   257
       Halberd           |       |       |    56 |    42 ||    98
       Glaive            |       |       |       |   490 ||   490
 Fire: Hunting sling     |       |     5 |       |       ||     5
Invok: Lesser Servant of |       |       |       |     2 ||     2
 Abil: Dig               |       |       |       |     6 ||     6
       Shaft Self        |       |       |       |     1 ||     1
Evoke: Wand              |       |       |     1 |     6 ||     7
  Use: Scroll            |     3 |     9 |     4 |     5 ||    21
       Potion            |       |       |    11 |    10 ||    21
  Eat: Chunk             |       |     6 |    21 |    12 ||    39
       Fruit             |       |       |       |     2 ||     2
Armor: Scale mail        |    27 |    99 |    65 |   112 ||   303
Dodge: Dodged            |    25 |    60 |    60 |   194 ||   339
Block: Shield            |    36 |   134 |   155 |   355 ||   680
